 Dungeon Crawl Stone Soup version 0.16-a0-129-gbf5829b (webtiles) character file.

127597 MRaven the Earth Mage (level 16, -4/135 HPs)
             Began as a Deep Dwarf Earth Elementalist on Aug 12, 2014.
             Was the Champion of Makhleb.
             Slain by a red ugly thing (37 damage)
             ... on Level 15 of the Dungeon on Aug 13, 2014.
             The game lasted 07:27:27 (56522 turns).

MRaven the Earth Mage (DDEE)                       Turns: 56522, Time: 07:27:30

HP  -4/135       AC 10     Str 17      XL: 16   Next: 46%
MP   1/35        EV 19     Int 25      God: Makhleb [******]
Gold 2223        SH  0     Dex 13      Spells:  9 memorised,  7 levels left

rFire  x . .     SeeInvis +     C - +5 trident "Ikulim" {pierce, rF- MR+ Str+4}
rCold  . . .     Clarity  +     u - +2 robe {MR+}
rNeg   + . .     rCorr    .     (no shield)
rPois  .         rRot     .     N - +2 hat {Int+3}
rElec  .         Spirit   .     d - +2 cloak (curse)
SustAb .         Warding  .     X - +0 pair of gloves
rMut   .         Stasis   .     h - +0 pair of boots
Gourm  .                        p - amulet of clarity
MR     ++++.                    w - ring of see invisible
                                O - ring of wizardry

@: very slightly contaminated, non-regenerating, repel missiles, incredibly
resistant to hostile enchantments, unstealthy
A: damage resistance, recharge devices, deformed body, negative energy
resistance 1, sense surroundings 2, slow healing 3
a: Device Recharging, Minor Destruction, Lesser Servant of Makhleb, Major
Destruction, Greater Servant of Makhleb, Renounce Religion


You were on level 15 of the Dungeon.
You worshipped Makhleb.
Makhleb was exalted by your worship.
You were hungry.

You visited 4 branches of the dungeon, and saw 28 of its levels.
You visited the Abyss 1 time.
You also visited: Sewer and Bailey.

You collected 3543 gold pieces.
You spent 1320 gold pieces at shops.

Inventory:

Hand weapons
 C - the +5 trident "Ikulim" (weapon) {pierce, rF- MR+ Str+4}
   (You found it on level 4 of the Dungeon)

   It inflicts extra damage upon your enemies.
   It affects your strength (+4).
   It makes you vulnerable to fire.
   It affects your resistance to hostile enchantments.
Missiles
 b - 177 stones (quivered)
Armour
 d - a cursed +2 cloak (worn)
 h - a +0 pair of boots (worn)
 u - a +2 robe of magic resistance (worn)
 F - the +8 chain mail "Wiqum" {rF+ rC++ Int+4}
   (You found it on level 8 of the Dungeon)

   It affects your intelligence (+4).
   It protects you from fire.
   It greatly protects you from cold.
 N - a +2 hat of intelligence (worn)
 X - a +0 pair of gloves (worn)
Magical devices
 a - a wand of heal wounds (0)
 J - a wand of cold (2)
 S - a wand of teleportation (3)
Comestibles
 f - 4 bread rations
 n - 6 meat rations
 G - 6 beef jerkies
 T - 4 rotting chunks of centaur flesh
Scrolls
 e - a scroll of blinking
 j - a scroll of summoning
 l - 5 scrolls of identify
 r - 6 scrolls of fear
 s - 3 scrolls of remove curse
 x - a scroll of holy word
 H - 5 scrolls of magic mapping
 K - 3 scrolls of amnesia
 R - 6 scrolls of teleportation
Jewellery
 k - an uncursed amulet of warding
 m - an uncursed amulet of resist mutation
 p - an amulet of clarity (around neck)
 w - a ring of see invisible (right hand)
 A - an uncursed ring of positive energy
 O - a ring of wizardry (left hand)
 P - an uncursed ring of protection from fire
 Q - an uncursed amulet of resist corrosion
 U - an uncursed ring of sustain abilities
 Y - an uncursed ring of magical power
Potions
 c - 2 potions of cure mutation
 g - 2 potions of resistance
 i - a potion of heal wounds
 o - 6 potions of curing
 q - 4 potions of agility
 t - a potion of cancellation
 z - 4 potions of brilliance
 B - a potion of invisibility
 E - 3 potions of might
 I - 2 potions of flight
 L - 2 potions of berserk rage
 M - 3 potions of restore abilities
 V - 2 potions of haste
Books
 y - a book of Wizardry

   Spells                             Type                      Level
   Agony                              Necromancy                   5
   Force Lance                        Conjuration                  5
   Dispersal                          Translocation                6
   *Haste                             Charms                       6
   Invisibility                       Hexes                        6
   Spellforged Servitor               Conjuration/Summoning        7
 D - a book of Power

   Spells                             Type                      Level
   Fulminant Prism                    Conjuration/Hexes            4
   Iskenderun's Mystic Blast          Conjuration                  4
   Venom Bolt                         Conjuration/Poison           5
   Bolt of Magma                      Conjuration/Fire/Earth       5
   *Iron Shot                         Conjuration/Earth            6
   Orb of Destruction                 Conjuration                  7
 W - a book of Minor Magic

   Spells                             Type                      Level
   Magic Dart                         Conjuration                  1
   Blink                              Translocation                2
   Call Imp                           Summoning                    2
   *Repel Missiles                    Charms/Air                   2
   Slow                               Hexes                        2
   Conjure Flame                      Conjuration/Fire             3
   Mephitic Cloud                     Conjuration/Poison/Air       3
Miscellaneous
 v - a phial of floods
 Z - a crystal ball of energy


   Skills:
 - Level 6.5 Fighting
 - Level 12.1 Dodging
 - Level 2.4 Stealth
 + Level 11.8 Spellcasting
 - Level 8.7 Conjurations
 + Level 9.8 Charms
 - Level 0.8 Transmutations
 - Level 19.6 Earth Magic
 - Level 10.0 Invocations
 - Level 10.4 Evocations


You had 7 spell levels left.
You knew the following spells:

 Your Spells              Type           Power        Failure   Level  Hunger
a - Sandblast             Erth           ######       0%          1    None
b - Stoneskin             Trmt/Erth      ######..     1%          2    None
c - Stone Arrow           Conj/Erth      ######       1%          3    None
d - Petrify               Trmt/Erth      ######..     1%          4    None
e - Lee's Rapid Deconstr  Erth           #######...   1%          5    ##.....
f - Repel Missiles        Chrm/Air       #####.       1%          2    None
g - Swiftness             Chrm/Air       #####...     1%          2    None
h - Iron Shot             Conj/Erth      ######....   1%          6    #####..
i - Haste                 Chrm           ######..     6%          6    #####..


Dungeon Overview and Level Annotations

Branches:
Dungeon (15/15)            Temple (1/1) D:4             Orc (4/4) D:12
    Elf (0/3) Orc:4          Lair (8/8) D:9          Shoals (0/5) Lair:5
  Snake (0/5) Lair:6        Slime (0/6) Lair:7       Vaults (0/5) D:13
 Depths: D:15

Altars:
Ashenzari
Cheibriados
Dithmenos
Elyvilon
Fedhas
Gozag
Kikubaaqudgha
Makhleb
Nemelex Xobeh
Okawaru
Qazlal
Sif Muna
Trog
Vehumet
Xom
Yredelemnul
Zin
The Shining One
Beogh
Jiyva

Shops:
D:6 }   D:7 %[*(:   D:8 :   D:12 [   Orc:2 [   Orc:3 *   Orc:4 =[*(:

Portals:
Hell: Lair:8


Innate Abilities, Weirdness & Mutations

You are resistant to damage.
You can recharge devices by infusing magical energy.
You resist negative energy.
You passively map the area around you.
You do not heal naturally.
Armour fits poorly on your strangely shaped body.


Message History

Casting: Stone Arrow
Confirm with . or Enter, or press ? or * to list all spells.
You don't have enough magic to cast that spell.
Unknown command.
Evoke which item? (* to show all) (? for menu, Esc to quit)
You gaze into the crystal ball.
You feel your power drain away! The red ugly thing kicks you!
You are engulfed in flames!!
The fire burns you terribly!
Evoke which item? (* to show all) (? for menu, Esc to quit)
You gaze into the crystal ball.
You feel your power drain away! The red ugly thing kicks you!
You are engulfed in flames!!!
The fire burns you terribly!
A centaur comes into view.
Use which ability? (? or * to list)
A demon appears!
You feel somewhat more hungry.
The centaur wields a shortbow.
The centaur shoots an arrow.
The arrow hits your blizzard demon! The red ugly thing kicks you!
* * * LOW HITPOINT WARNING * * *
You are engulfed in flames!!!
The fire burns you terribly!
You die...

, * ### .#
.##.############.##.#
.............)).).#.#
.#######.######.)##.#
,* #.# ####.##.# *
#.# #.......# ,, #.#
#.##.#### #.# #,*#u#
* #.# * *#@#########
* #.# , #.2...c...# ,
#.# , #########.# *
,* ** , , #.# ,, , ,
* #.# * * * * #.# #.#
* * #.# #.# * #.# #.#


You could see a red ugly thing, a centaur and a friendly blizzard demon.

Vanquished Creatures
  Rupert (Lair:8)
  An orc warlord (Orc:4)
  Gastronok (D:13)
  The ghost of dm0 the Destroyer, a powerful DECj of Vehumet (Lair:8)
  A dire elephant (Lair:8)
  An ettin (Orc:3)
  Snorg (Lair:3)
  2 vault guards (D:13)
  8 hydras
  Erica (Lair:3)
  3 centaur warriors
  A tengu warrior (D:13)
  5 orc high priests (Orc:4)
  Nergalle (Lair:2)
  A catoblepas (Lair:8)
  A sun demon (Lair:8)
  3 hill giants
  The ghost of anything the Basher, an experienced DsAr of Gozag (D:8)
  An ice statue (D:10)
  11 ugly things
  10 orc knights
  3 orc sorcerers
  A necromancer (D:13)
  3 wizards
  4 griffons
  2 manticores
  45 elephants
  3 cyclopes
  A sixfirhy (Lair:8)
  13 spiny frogs
  4 orange demons
  6 black mambas
  2 torpor snails
  An orange crystal statue (D:10)
  A centaur skeleton (D:13)
  Psyche (D:13)
  A tengu conjurer (D:14)
  9 komodo dragons
  6 fire drakes
  Grinder (D:3)
  2 red devils (Lair:8)
  7 trolls
  5 polar bears (D:10)
  26 blink frogs
  6 wandering mushrooms (D:9)
  5 ravens
  5 blue devils (Lair:8)
  4 basilisks
  2 redbacks (Lair:6)
  71 yaks
  A wraith (D:15)
  A steam dragon (D:14)
  3 wyverns
  3 deep elf magi
  22 humans
  12 hippogriffs
  12 wolves
  A human zombie (D:13)
  3 vampire mosquitoes
  A soldier ant (D:15)
  4 wargs
  19 water moccasins
  17 porcupines
  21 ice beasts
  A yellow wasp (D:10)
  2 black bears
  24 centaurs
  A manticore zombie (D:11)
  17 ogres
  2 sky beasts
  43 orc warriors
  4 phantoms
  5 boggarts (D:14)
  2 necrophages
  2 boring beetles
  21 crocodiles
  Sigmund (D:2)
  16 big kobolds
  A gnoll sergeant (D:8)
  24 giant frogs
  8 scorpions
  A troll zombie (D:8)
  17 killer bees
  A troll skeleton (D:10)
  4 electric eels
  2 centaur zombies
  21 jellies
  16 hounds
  16 wights
  5 crimson imps
  26 orc wizards
  Crazy Yiuf (D:7)
  13 iguanas
  27 orc priests
  47 sheep
  7 worker ants
  A mottled dragon skeleton (D:15)
  A centaur simulacrum (D:10)
  A mummy (D:15)
  29 adders
  39 green rats
  A big kobold simulacrum (D:10)
  7 gnolls
  A scorpion zombie (D:6)
  An inept item mimic (D:8)
  A giant mite (D:5)
  6 white imps (D:10)
  3 worms
  An orc skeleton (D:11)
  6 giant geckos
  191 orcs
  2 ball pythons (Sewer)
  14 bats
  2 bat skeletons
  11 giant cockroaches
  30 goblins
  16 hobgoblins
  4 jackals
  32 kobolds
  2 oozes
  10 giant newts
  A giant spore (D:15)
  A hobgoblin skeleton (D:8)
  16 quokkas
  39 rats
  10 ballistomycetes
  A butterfly (D:5)
  2 fungi
1276 creatures vanquished.

Vanquished Creatures (collateral kills)
  A dire elephant (Lair:4)
  An orc high priest (Orc:4)
  An orc knight (Orc:4)
  5 ugly things
  A griffon (Lair:8)
  2 elephants
  A komodo dragon (Lair:4)
  4 blink frogs (Lair:8)
  A neqoxec (Orc:4)
  5 orc warriors (Orc:4)
  An orc priest (Orc:4)
  An orc (Orc:4)
24 creatures vanquished.

Vanquished Creatures (others)
  A balrug (Orc:4)
  2 green deaths
  A giant spore (D:6)
  4 fungi
  4 plants
12 creatures vanquished.

Grand Total: 1312 creatures vanquished

Notes
Turn   | Place    | Note
--------------------------------------------------------------
     0 | D:1      | MRaven, the Deep Dwarf Earth Elementalist, began the quest for the Orb.
     0 | D:1      | Reached XP level 1. HP: 15/15 MP: 2/2
   320 | D:1      | Reached XP level 2. HP: 22/22 MP: 0/3
   601 | D:2      | Learned a level 2 spell: Stoneskin
   943 | D:2      | Found a glowing golden altar of the Shining One.
   944 | D:2      | Found a white marble altar of Elyvilon.
   946 | D:2      | Found a bloodstained altar of Trog.
   974 | D:2      | Reached XP level 3. HP: 26/28 MP: 1/6
  1107 | D:2      | Reached skill level 5 in Earth Magic
  1225 | D:2      | Noticed Sigmund
  1233 | D:2      | Killed Sigmund
  1233 | D:2      | Reached XP level 4. HP: 36/36 MP: 0/8
  1400 | D:2      | Learned a level 3 spell: Stone Arrow
  1741 | D:2      | Reached XP level 5. HP: 35/42 MP: 7/9
  1933 | D:2      | Reached skill level 6 in Earth Magic
  2667 | D:3      | Noticed Grinder
  2671 | D:3      | Paralysed by Grinder for 4 turns
  2847 | D:3      | Noticed an orc warrior
  2910 | D:3      | Killed Grinder
  2910 | D:3      | Reached skill level 7 in Earth Magic
  2910 | D:3      | Reached XP level 6. HP: 23/49 MP: 2/14
  3002 | D:3      | Learned a level 4 spell: Petrify
  3061 | D:3      | Noticed a centaur
  3074 | D:3      | Killed a centaur
  3360 | D:4      | Reached XP level 7. HP: 47/55 MP: 10/17
  3471 | D:4      | Found a staircase to the Ecumenical Temple.
  3481 | D:4      | Reached skill level 8 in Earth Magic
  3622 | Temple   | Entered the Ecumenical Temple
  3846 | D:4      | Got an encrusted trident
  3847 | D:4      | Identified the +5 trident "Ikulim" {pierce, rF- MR+ Str+4} (You found it on level 4 of the Dungeon)
  4036 | D:4      | Found a shadowy altar of Dithmenos.
  4083 | D:4      | Found a basalt altar of Yredelemnul.
  4209 | D:5      | Entered Level 5 of the Dungeon
  4498 | D:5      | Found a glowing drain.
  4523 | D:5      | Reached skill level 5 in Spellcasting
  4523 | D:5      | Reached skill level 9 in Earth Magic
  4530 | Sewer    | Entered a sewer
  4576 | Sewer    | Learned a level 5 spell: Lee's Rapid Deconstruction
  4772 | Sewer    | Reached XP level 8. HP: 36/62 MP: 10/20
  6099 | D:5      | Found a shimmering altar of Xom.
  6242 | D:5      | Reached skill level 10 in Earth Magic
  6643 | D:5      | Found a blossoming altar of Fedhas.
  7348 | D:6      | Found an iron altar of Okawaru.
  7349 | D:6      | Found a snail-covered altar of Cheibriados.
  7532 | D:6      | Reached skill level 11 in Earth Magic
  7578 | D:6      | Gained mutation: You passively map the area around you. [level up]
  7578 | D:6      | Reached XP level 9. HP: 36/68 MP: 1/23
  7917 | D:6      | Found Giduc's Gadget Shoppe.
  8234 | D:6      | Reached skill level 12 in Earth Magic
  8551 | D:7      | Found Medaz's Armour Emporium.
  8685 | D:7      | Found Soronoq's General Store.
  8693 | D:7      | Bought a scroll of blinking for 105 gold pieces
  8730 | D:7      | Noticed Crazy Yiuf
  8734 | D:7      | Killed Crazy Yiuf
  8806 | D:7      | Found Kiskesk's Book Shoppe.
  8813 | D:7      | Found Bria's Weapon Emporium.
  9221 | D:7      | Found Inuufic's Food Emporium.
  9999 | D:8      | Noticed anything's ghost (experienced DsAr)
 10004 | D:8      | Killed anything's ghost
 10004 | D:8      | Reached skill level 13 in Earth Magic
 10004 | D:8      | Reached XP level 10. HP: 48/75 MP: 10/26
 10453 | D:8      | Found Faerr's Book Emporium.
 10526 | D:8      | Found an iron altar of Okawaru.
 10805 | D:8      | Found a sparkling altar of Nemelex Xobeh.
 10879 | D:8      | Reached skill level 14 in Earth Magic
 11865 | D:9      | Found a burning altar of Makhleb.
 11870 | D:9      | Became a worshipper of Makhleb the Destroyer
 11985 | D:9      | Reached skill level 15 in Earth Magic
 12067 | D:9      | Reached skill level 1 in Conjurations
 12434 | D:9      | Reached skill level 5 in Dodging
 12803 | D:9      | Found a staircase to the Lair.
 13120 | D:9      | Acquired Makhleb's first power
 13120 | D:9      | Reached skill level 16 in Earth Magic
 13235 | Lair:1   | Entered Level 1 of the Lair of Beasts
 13381 | Lair:1   | Reached XP level 11. HP: 48/81 MP: 18/27
 13642 | Lair:1   | Acquired Makhleb's second power
 14925 | Lair:2   | Noticed Nergalle
 14936 | Lair:2   | Killed Nergalle
 14951 | Lair:1   | Reached skill level 17 in Earth Magic
 15194 | Lair:2   | Reached skill level 5 in Conjurations
 15417 | Lair:2   | Acquired Makhleb's third power
 15417 | Lair:2   | Reached skill level 1 in Fighting
 15629 | Lair:2   | Reached XP level 12. HP: 55/93 MP: 12/28
 15634 | Lair:2   | Reached skill level 18 in Earth Magic
 16978 | Lair:2   | Acquired Makhleb's fourth power
 17945 | Lair:3   | Noticed Snorg
 17952 | Lair:3   | Killed Snorg
 17952 | Lair:3   | Reached skill level 19 in Earth Magic
 18200 | Lair:3   | Noticed Erica
 18207 | Lair:3   | Killed Erica
 18207 | Lair:3   | Acquired Makhleb's fifth power
 18686 | Lair:4   | Noticed a four-headed hydra
 19024 | Lair:4   | Reached skill level 5 in Fighting
 19178 | Lair:4   | Noticed a dire elephant
 19552 | D:8      | Got a jasper-encrusted chain mail
 19572 | D:8      | Identified the +8 chain mail "Wiqum" {rF+ rC++ Int+4} (You found it on level 8 of the Dungeon)
 19597 | D:10     | Entered Level 10 of the Dungeon
 20645 | D:10     | Learned a level 2 spell: Repel Missiles
 20705 | D:10     | Reached XP level 13. HP: 105/110 MP: 2/29
 21004 | D:10     | Reached skill level 1 in Invocations
 21120 | D:10     | Identified the Reference Book on Curses
 21755 | D:11     | Reached skill level 10 in Dodging
 21804 | D:11     | Found a flagged portal.
 21945 | Bailey   | Entered a bailey
 22690 | Bailey   | Got a pitted zirconium amulet
 22694 | Bailey   | Identified the cursed amulet "Yceixeh" {Inacc rF++ MR+ Str+1 Dex+3 Stlth+} (You found it in a bailey)
 22793 | D:11     | Learned a level 2 spell: Swiftness
 23568 | D:11     | Learned a level 6 spell: Iron Shot
 24381 | D:12     | Found a staircase to the Orcish Mines.
 24417 | D:12     | Found a roughly hewn altar of Beogh.
 25505 | D:12     | Found Mulaum Pnimn's Armour Boutique.
 26095 | D:12     | Found a deep blue altar of Sif Muna.
 27364 | D:13     | Reached skill level 5 in Invocations
 27730 | D:13     | Noticed Gastronok
 27737 | D:13     | Killed Gastronok
 27737 | D:13     | Reached skill level 1 in Charms
 28046 | D:13     | Got a faintly glowing ring mail
 28077 | D:13     | Noticed Psyche
 28318 | D:13     | Identified the cursed -1 ring mail of Lies {Str+2 Int+3} (You took it off a human on level 13 of the Dungeon)
 28332 | D:13     | Killed Psyche
 28536 | D:13     | Cast into the Abyss (wizard)
 28677 | Abyss:1  | Gained mutation: Armour fits poorly on your strangely shaped body. [a neqoxec]
 28758 | Abyss:1  | Noticed a starcursed mass
 28775 | Abyss:1  | Noticed a tentacled monstrosity
 28836 | Abyss:1  | Noticed an angel
 28917 | D:13     | Escaped the Abyss
 28967 | D:13     | Gained mutation: You resist negative energy. [level up]
 28967 | D:13     | Reached XP level 14. HP: 76/121 MP: 13/30
 29637 | D:13     | Found a gate to the Vaults.
 31385 | Lair:4   | Killed a four-headed hydra
 31822 | Lair:4   | Killed a dire elephant
 33614 | Lair:5   | Found a staircase to the Shoals.
 35466 | Lair:5   | Reached skill level 10 in Invocations
 35904 | Lair:6   | Reached skill level 1 in Evocations
 36307 | Lair:6   | Found a staircase to the Snake Pit.
 37176 | Lair:6   | Reached skill level 5 in Evocations
 38038 | Lair:6   | Reached XP level 15. HP: 127/127 MP: 20/32
 39027 | Lair:7   | Found a staircase to the Slime Pits.
 39027 | Lair:7   | Found a viscous altar of Jiyva.
 40325 | Lair:8   | Entered Level 8 of the Lair of Beasts
 40326 | Lair:8   | Upgraded the game from 0.16-a0-119-gc74d62a to 0.16-a0-129-gbf5829b
 40328 | Lair:8   | Reached skill level 10 in Evocations
 40353 | Lair:8   | Noticed dm0's ghost (powerful DECj)
 40493 | Lair:8   | Killed dm0's ghost
 41191 | Lair:8   | Reached skill level 5 in Charms
 41352 | Lair:8   | Noticed Rupert
 41361 | Lair:8   | Killed Rupert
 41719 | Lair:8   | Found a burning altar of Makhleb.
 42793 | Lair:8   | Learned a level 6 spell: Haste
 42943 | Lair:8   | Reached skill level 10 in Spellcasting
 44493 | Lair:8   | Found a gateway to Hell.
 45012 | Orc:1    | Entered Level 1 of the Orcish Mines
 45012 | Orc:1    | Found a roughly hewn altar of Beogh.
 45936 | Orc:1    | Found a roughly hewn altar of Beogh.
 47646 | Orc:2    | Found Stea's Armour Shoppe.
 48746 | Orc:3    | Found Steesm's General Store.
 50785 | Orc:4    | Entered Level 4 of the Orcish Mines
 50785 | Orc:4    | Found a staircase to the Elven Halls.
 51086 | Orc:4    | Reached XP level 16. HP: 103/135 MP: 0/34
 51246 | Orc:4    | Found Skytt's Antique Armour Shoppe.
 52420 | Orc:4    | Found Ycuarat's Antique Weapon Shoppe.
 52439 | Orc:4    | Found Peomeoja's Book Boutique.
 52681 | Orc:4    | Found Sucuf's General Store.
 53195 | Orc:4    | Found Quzoryank's Jewellery Shop.
 53696 | Orc:4    | Bought a potion of cure mutation for 525 gold pieces
 53696 | Orc:4    | Bought an uncursed amulet of resist mutation for 600 gold pieces
 53696 | Orc:4    | Bought a scroll of identify for 30 gold pieces
 53696 | Orc:4    | Bought a potion of curing for 30 gold pieces
 53696 | Orc:4    | Bought a scroll of identify for 30 gold pieces
 55498 | D:15     | Entered Level 15 of the Dungeon
 56522 | D:15     | Slain by a red ugly thing

Action                   |  1- 3 |  4- 6 |  7- 9 | 10-12 | 13-15 | 16-18 || total
-------------------------+-------+-------+-------+-------+-------+-------++-------
Melee: Whip              |    16 |    12 |       |       |       |       ||    28
       Scythe            |       |    37 |       |       |       |       ||    37
       Trident           |       |       |    89 |    27 |   383 |    49 ||   548
Throw: Stone             |       |       |     4 |       |     1 |       ||     5
 Cast: Sandblast         |    41 |    45 |    95 |   249 |   284 |     5 ||   719
       Stone Arrow       |       |    19 |   115 |   220 |  1116 |   147 ||  1617
       Lee's Rapid Decon |       |       |     8 |    32 |    47 |    26 ||   113
       Petrify           |       |       |       |     5 |    17 |       ||    22
       Repel Missiles    |       |       |       |     1 |     5 |     2 ||     8
       Iron Shot         |       |       |       |       |   117 |    49 ||   166
       Swiftness         |       |       |       |       |     2 |       ||     2
Invok: Lesser Servant of |       |       |       |     1 |       |       ||     1
       Greater Servant o |       |       |       |       |     4 |     6 ||    10
       Minor Destruction |       |       |       |       |     2 |       ||     2
Evoke: Wand              |     1 |     3 |     6 |    11 |    35 |     1 ||    57
       Phial of floods   |       |       |       |       |     2 |       ||     2
       Crystal ball of e |       |       |       |       |       |     2 ||     2
  Use: Scroll            |     3 |     6 |    10 |     7 |    16 |     2 ||    44
       Potion            |       |     2 |     1 |     4 |     6 |     5 ||    18
 Stab: Sleeping          |       |       |     3 |       |     1 |       ||     4
       Petrified         |       |       |       |       |     3 |       ||     3
       Petrifying        |       |       |       |       |     1 |       ||     1
  Eat: Chunk             |     1 |     4 |    16 |    20 |    47 |    18 ||   106
       Fruit             |       |     3 |       |       |    16 |       ||    19
       Bread ration      |       |     1 |       |       |     9 |     1 ||    11
       Beef jerky        |       |       |     2 |     3 |     7 |     6 ||    18
       Meat ration       |       |       |     1 |       |     5 |       ||     6
       Pizza             |       |       |     1 |     9 |     2 |       ||    12
       Royal jelly       |       |       |       |       |     1 |       ||     1
